 Dungeon Crawl Stone Soup version 0.30.1-11-g7821555f0a (webtiles) character file.

Game seed: 2080711017984223910

2120868 Hi5aMiFi the Conqueror (level 27, 273/273 HPs)
             Began as a Minotaur Berserker on Dec 19, 2023.
             Was the Champion of Trog.
             Escaped with the Orb
             ... and 4 runes on Dec 20, 2023!
             The game lasted 08:21:51 (83991 turns).

Hi5aMiFi the Conqueror (Minotaur Berserker)        Turns: 83991, Time: 08:21:51

Health: 273/273    AC: 49    Str: 28    XL:     27
Magic:  22/22      EV: 16    Int:  8    God:    Trog [******]
Gold:   6923       SH: 33    Dex: 14    Spells: 26/26 levels left

rFire   + + .        b - +9 eveningstar (drain)
rCold   . . .        a - +3 tower shield
rNeg    + . .        v - +10 plate armour {Will+}
rPois   +            j - +1 hat "Tiyts" {rElec rC+ Dex+2 Stlth+}
rElec   +            g - +2 cloak {Will+}
rCorr   .            i - +2 pair of gloves
SInv    .            R - +2 pair of boots {rampage}
Will    +++..        O - amulet "Rogai" {Reflect rF+ rN+ Will- SH+5} Stlth
                     y - +4 ring of slaying
HPRegen 0.65/turn    L - ring of protection from fire
MPRegen 0.18/turn

%: reflection, rampage
@: hasted, studying Fighting, very quick
A: horns 2, retaliatory headbutt, iridescent scales 2, poison resistance,
screaming 1, weak 1, cold vulnerability 1, subdued magic 3
0: Orb of Zot
}: 4/15 runes: decaying, slimy, silver, gossamer
a: Renounce Religion, Berserk, Trog's Hand, Brothers in Arms


You escaped.
You worshipped Trog.
Trog was exalted by your worship.
You visited 11 branches of the dungeon, and saw 55 of its levels.
You also visited: Bailey, Gauntlet, Ice Cave and Wizlab.

You collected 9860 gold pieces.
You spent 2937 gold pieces at shops.

Inventory:

Hand Weapons
 b - a +9 eveningstar of draining (weapon)
 k - the +10 morningstar "Eos" {elec, Halo rElec}
   (You took it off a yaktaur captain on level 4 of the Vaults)

   Halo:      It grants its wielder a halo, revealing invisible creatures and
   increasing accuracy against all within it other than the wielder.
   rElec:     It insulates you from electricity.
 X - a +9 antimagic morningstar
Missiles
 p - 22 boomerangs
 z - a throwing net
 C - 9 javelins
 I - 8 silver boomerangs
 K - 3 silver javelins (quivered)
 V - 12 boomerangs of dispersal
Armour
 a - a +3 tower shield (worn)
 e - the +0 pair of gloves "Zafugiek" {rPois rC++ rN+++ Will-}
   (You found it on level 4 of the Vaults)

   rC:        It greatly protects you from cold.
   rPois:     It protects you from poison.
   rN:        It renders you almost immune to negative energy.
   Will:      It decreases your willpower.
 g - a +2 cloak of willpower (worn)
 i - a +2 pair of gloves (worn)
 j - the +1 hat "Tiyts" (worn) {rElec rC+ Dex+2 Stlth+}
   (You acquired it on level 4 of the Vaults)

   Dex:       It affects your dexterity (+2).
   rC:        It protects you from cold.
   rElec:     It insulates you from electricity.
   Stlth:     It makes you more stealthy.
 v - a +10 plate armour of willpower (worn)
 R - a +2 pair of boots of rampaging (worn)
Jewellery
 o - a +6 ring of strength
 y - a +4 ring of slaying (left hand)
 D - the ring "Edghic" {rCorr Int+3}
   (You found it on level 2 of the Depths)

   [ring of resist corrosion]

   Int:       It affects your intelligence (+3).
   rCorr:     It protects you from acid and corrosion.
 F - the ring of Ashenzari's Pride {rCorr Dex+4 Stlth+}
   (You found it in a Gauntlet)

   [ring of resist corrosion]

   Dex:       It affects your dexterity (+4).
   rCorr:     It protects you from acid and corrosion.
   Stlth:     It makes you more stealthy.
 J - a ring of willpower
 L - a ring of protection from fire (right hand)
 O - the amulet "Rogai" (around neck) {Reflect rF+ rN+ Will- SH+5}
   (You found it on level 10 of the Dungeon)

   [amulet of reflection]

   It reflects blocked missile attacks.
   rF:        It protects you from fire.
   rN:        It protects you from negative energy.
   SH:        It affects your SH (+5).
   Will:      It decreases your willpower.
Wands
 m - a wand of iceblast (73)
 A - a wand of paralysis (32)
 U - a wand of digging (41)
 W - a wand of light (48)
Scrolls
 c - 3 scrolls of silence
 d - 2 scrolls of butterflies
 t - 27 scrolls of teleportation
 w - 13 scrolls of fog
 E - 7 scrolls of immolation
 G - 7 scrolls of fear
 H - 6 scrolls of vulnerability
 P - 3 scrolls of poison
 S - 2 scrolls of blinking
Potions
 h - 2 potions of cancellation
 l - 27 potions of curing
 n - a potion of ambrosia
 s - 5 potions of lignification
 u - 12 potions of attraction
 x - a potion of resistance
 B - 2 potions of berserk rage
 M - a potion of haste
 N - 6 potions of heal wounds
 Q - 6 potions of invisibility
 T - 5 potions of mutation
Miscellaneous
 r - a box of beasts (inert)
 Y - a condenser vane
 Z - a phantom mirror


   Skills:
 O Level 27 Fighting
 + Level 18.3 Maces & Flails
 - Level 12.0 Polearms
 + Level 18.3 Throwing
 O Level 27 Armour
 - Level 16.5 Dodging
 O Level 27 Shields
 * Level 24.3 Evocations


You had 26 spell levels left.
You didn't know any spells.
Your spell library was empty.

Dungeon Overview and Level Annotations

Branches:
Dungeon (15/15)            Temple (0/1) D:7            Lair (5/5) D:9
  Swamp (4/4) Lair:3       Spider (4/4) Lair:3        Slime (5/5) Lair:5
    Orc (2/2) D:11            Elf (3/3) Orc:2        Vaults (5/5) D:13
  Crypt (3/3) Vaults:2       Tomb (0/3) Crypt:3      Depths (4/4) D:15
    Zot (5/5) Depths:4     Bailey (visited)           IceCv (visited)
 WizLab (visited)         Gauntlet (visited)

Altars:
Ashenzari
Elyvilon
Kikubaaqudgha
Makhleb
Nemelex Xobeh
Qazlal
Ru
Vehumet
Xom
Yredelemnul
The Shining One
Jiyva

Shops:
D:2 (   D:3 *   D:12 *   D:14 *   Orc:2 (*:?   Elf:3 *   Vaults:2 *
Vaults:3 *   Depths:4 :==

Portals:
Hell: Depths:1 Depths:2 Depths:3 Depths:4
Abyss: Depths:1 Depths:3
Pandemonium: Depths:2 Depths:3
Ziggurat: Depths:3
Trove: Depths:4 (give +3 gold dragon scales)


Innate Abilities, Weirdness & Mutations

You have a pair of horns on your head.
You reflexively headbutt those who attack you in melee.
You are mostly covered in iridescent scales. (AC +4)
Your system is resistant to poisons. (rPois)
You occasionally shout uncontrollably at your foes.
You are weak. (Str -2)
You are vulnerable to cold. (rC-)
Your spells are much easier to cast, but much less powerful.


Message History

Trog accepts your kill.
Unknown command.
Aiming: Dig
Press: ? - help, Shift-Dir - straight line, f - bush
Aim: a bush (100% to hit)
You hear a grinding noise.
Aiming: Dig
Press: ? - help, Shift-Dir - straight line, p - bush A rock wall.
This square is covered in magical glow.
The rock shatters into small pieces.
Aiming: Dig
Press: ? - help, Shift-Dir - straight line A rock wall.
This square is covered in magical glow.
The rock shatters into small pieces.
An orange demon comes into view.
You rampage towards the orange demon!
You rampage towards the orange demon!
You barely miss the orange demon.
Unknown command.
You sock the orange demon! You headbutt the orange demon!!
The orange demon is severely wounded.
You block the orange demon's attack. x2
Unknown command.
You closely miss the orange demon.
The orange demon is severely wounded.
You block the orange demon's attack. x2
Unknown command.
You bludgeon the orange demon!!
You kill the orange demon!
Trog accepts your kill.
Unknown command.
There is a stone staircase leading up here.
You climb upwards.
There is a stone staircase leading down here.
Unknown command.
Unknown command.
You feel yourself speed up.
There is a staircase leading out of the dungeon here.
You have escaped!

#............
#............
#............
#............
#............
##.#######.##
#####.# #.##
###.....##### #.##
##@#.###.....###.##
#....#.........#.##
##...#.#.....#.#.##
###.#.#.....#.#.##
#.#.#.....#.#..#
#.#.#.....#)##.#
#.#.#.....#.##.#
#.#.#.....#.##.#
#.#.....###.##.#


There were no monsters in sight!

Vanquished Creatures
  3 ancient liches
  A dread lich (Zot:5)
  Mara (Elf:3)
  6 orbs of fire
  Sojobo (Vaults:5)
  Boris (Depths:2)
  A shard shrike (Zot:2)
  The ghost of bairyn the Executioner, a veteran MiFi of Makhleb (Elf:3)
  2 Killer Klowns (Zot:5)
  Frederick (Crypt:2)
  The ghost of howech the Severer, a veteran MiGl of the Shining One (Vaults:4)
  Saint Roka (Elf:3)
  5 caustic shrikes (Depths:4)
  Xtahua (Vaults:3)
  6 curse toes
  13 golden dragons
  A profane servitor (Crypt:3)
  Arachne (Spider:4)
  7 electric golems
  A hellephant (Depths:3)
  3 doom hounds (Zot:1)
  17 tentacled monstrosities
  26 Orb Guardians
  Zenata (Elf:2)
  7 liches
  A deep elf master archer (Elf:3)
  2 deep elf blademasters (Elf:3)
  10 quicksilver dragons
  8 titans
  A walking divine tome (Depths:3)
  10 ancient champions
  12 acid blobs
  A thorn hunter (Swamp:4)
  Agnes (Spider:4)
  11 death cobs
  Roxanne (Swamp:1)
  5 sphinxes
  A tentacled starspawn (WizLab)
  14 storm dragons
  5 shadow dragons
  17 draconian monks
  7 tengu reavers
  2 azure jellies
  4 draconian knights
  10 fire giants
  4 rockslimes
  A fenstrider witch (shapeshifter) (Vaults:4)
  2 revenants
  9 deep elf sorcerers
  6 draconian scorchers
  10 emperor scorpions
  Louise (Depths:3)
  2 frost giants (Depths:2)
  3 iron dragons
  16 ghost moths
  15 vault wardens
  10 draconian shifters
  2 curse skulls
  A balrug (Depths:2)
  20 ironbound preservers
  2 cacodemons
  7 ghouls
  4 draconian stormcallers
  20 very ugly things
  A caustic shrike zombie (Crypt:1)
  6 war gargoyles
  6 stone giants
  6 draconian annihilators
  6 ironbound thunderhulks
  2 orc warlords
  2 reapers
  5 deep elf elementalists
  A spriggan defender (Depths:3)
  3 vampire knights
  2 broodmothers
  8 eleionomae
  4 quicksilver oozes
  A demonspawn black sun (Depths:1)
  2 grey draconians (Depths:4)
  A spectral titan (Vaults:4)
  3 deep elf demonologists (Elf:3)
  9 green draconians
  9 purple draconians
  26 black draconians
  Nessos (Orc:2)
  13 deep elf annihilators
  14 red draconians
  A blizzard demon (Depths:2)
  8 spark wasps
  3 bunyips
  15 white draconians
  29 dire elephants
  8 yellow draconians
  3 mummy priests (Crypt:3)
  6 statues (Depths:2)
  3 deep elf death magi
  4 eidola
  4 fire dragons (Zot:1)
  A crystal guardian (Vaults:3)
  A green death (Gauntlet)
  15 ettins
  An acid blob zombie (Crypt:3)
  10 jiangshi
  6 entropy weavers
  A merfolk javelineer (Depths:3)
  A quicksilver dragon zombie (Crypt:2)
  8 deep elf high priests
  2 shambling mangroves
  4 salamander tyrants (Depths:2)
  A spectral shadow dragon (Vaults:4)
  14 yaktaur captains
  3 rakshasas
  23 hydras
  27 vault guards
  15 ice dragons
  4 ghost crabs
  3 ogre magi (Vaults:5)
  9 great orbs of eyes
  A spectral tengu (Vaults:4)
  7 two-headed ogres
  13 centaur warriors
  An anaconda (shapeshifter) (Elf:1)
  3 catoblepae
  6 radroaches
  3 spriggan air magi
  3 peacekeepers
  4 spriggan skeletons
  11 boulder beetles
  30 dancing weapons
  5 ironbound frosthearts
  5 jorogumos
  A fenstrider witch skeleton (Crypt:3)
  2 spectral stone giants (Vaults:4)
  8 alligators
  3 death knights
  A spectral human (Vaults:4)
  9 deep troll shamans
  9 deep troll earth magi
  Urug (D:11)
  A titan zombie (Crypt:1)
  A spectral dire elephant (Lair:5)
  7 death yaks (Lair:5)
  4 tengu warriors
  6 vampire magi
  A spectral elf (Vaults:4)
  11 deep elf knights
  A thrashing horror (WizLab)
  3 spriggan berserkers
  4 soul eaters
  3 orc high priests
  4 sun demons
  4 hell knights
  2 spectral storm dragons (Crypt:2)
  4 shadow wraiths
  A spectral death yak (Lair:5)
  3 skysharks
  2 goliath frogs
  7 iron trolls
  9 pharaoh ants
  6 spriggan druids
  8 sixfirhies
  A shadow demon (D:2)
  10 skeletal warriors
  56 deep trolls
  14 orb spiders
  A spectral anaconda (Lair:5)
  A ghost moth zombie (Crypt:1)
  4 glowing orange brains
  23 ironbound convokers
  7 steelbarb worms
  A bunyip zombie (Crypt:1)
  8 lindwurms
  9 bog bodies
  2 obsidian statues
  12 deep elf archers
  A shadow dragon zombie (Vaults:3)
  Pikel (D:5)
  5 flayed ghosts
  2 anaconda skeletons
  17 swamp dragons
  A spriggan simulacrum (Crypt:1)
  2 tengu zombies
  11 wizards
  4 harpies (Vaults:2)
  38 deep elf zephyrmancers
  11 orc knights
  13 necromancers
  24 deep elf pyromancers
  15 phantasmal warriors
  19 wolf spiders
  A tengu skeleton (Vaults:3)
  2 manticores
  A mana viper (shapeshifter) (Vaults:5)
  An iron dragon zombie (Crypt:2)
  A salamander (shapeshifter) (Vaults:2)
  A mana viper (WizLab)
  2 spectral ice dragons (Crypt:2)
  44 ugly things
  9 cyclopes
  6 orc sorcerers
  7 shining eyes
  A worldbinder (WizLab)
  A spectral fire dragon (Crypt:2)
  33 moths of wrath
  A shadow dragon skeleton (Vaults:3)
  A dire elephant zombie (Crypt:2)
  17 elephants
  4 will-o-the-wisps
  A toenail golem (Zot:3)
  16 vault sentinels
  Maurice (D:8)
  4 eyes of devastation
  8 demonic crawlers
  4 black mambas
  A titan simulacrum (Vaults:4)
  Joseph (D:7)
  An elephant slug zombie (Crypt:2)
  2 smoke demons
  A green draconian zombie (Crypt:2)
  A water nymph (shapeshifter) (Vaults:5)
  2 gargoyles
  2 ice statues (IceCv)
  5 cane toads
  3 dire elephant skeletons
  An unseen horror (shapeshifter) (D:14)
  4 torpor snails
  6 orange demons
  2 centaur skeletons
  8 freezing wraiths
  7 komodo dragons
  4 rime drakes
  8 ice devils
  A rime drake (shapeshifter) (D:14)
  An efreet (D:13)
  32 yaktaurs
  3 anaconda simulacra (IceCv)
  A spectral glowing shapeshifter (Vaults:4)
  8 guardian mummies (Crypt:3)
  A white draconian skeleton (Crypt:1)
  11 tengu conjurers
  A red devil (Depths:2)
  A bunyip simulacrum (Crypt:1)
  5 trolls
  An unseen horror skeleton (Crypt:3)
  A polar bear (D:9)
  An ancient zyme (WizLab)
  10 hornets
  A hydra zombie (Crypt:1)
  6 meliai
  9 tyrant leeches
  2 hellwings (Depths:2)
  45 blink frogs
  An ettin zombie (Crypt:1)
  23 tarantellas
  A hornet (shapeshifter) (D:13)
  A shadow dragon simulacrum (Vaults:4)
  A tengu simulacrum (Vaults:3)
  2 spectral elephants (Lair:5)
  3 raiju (Zot:2)
  71 slime creatures
  3 harpy skeletons
  A sphinx simulacrum (Depths:4)
  2 stone giant simulacra
  Prince Ribbit (D:6)
  2 centaur simulacra
  An elf zombie (Vaults:2)
  A radroach zombie (Crypt:3)
  2 air elementals
  20 jumping spiders
  2 ynoxinuls
  An ettin skeleton (Crypt:2)
  14 culicivoras
  A fire dragon skeleton (Crypt:3)
  5 dire elephant simulacra
  13 flying skulls (Crypt:2)
  Eustachio (D:5)
  8 wraiths
  A culicivora (shapeshifter) (D:15)
  12 spriggans
  5 water elementals
  A wind drake zombie (Crypt:3)
  4 wyverns
  An ushabti (Crypt:3)
  3 fire elementals
  3 basilisks
  37 yaks
  6 golden eyes (Slime:5)
  A chaos spawn (Depths:2)
  A neqoxec (Depths:2)
  A golden eye (shapeshifter) (Elf:2)
  2 large abominations (WizLab)
  38 redbacks
  3 steam dragons
  11 vampire mosquitoes
  2 elf skeletons (WizLab)
  2 wargs (Orc:1)
  2 death yak simulacra
  4 harpy simulacra
  18 swamp worms
  4 hydra simulacra
  A naga zombie (Crypt:2)
  2 spatial vortices (WizLab)
  Duvessa (D:6)
  4 acid dragons
  7 water moccasins
  A demonspawn skeleton (Crypt:2)
  A water moccasin (shapeshifter) (D:15)
  A hell hound (WizLab)
  2 sky beasts (D:6)
  10 swamp drakes
  42 orc warriors
  4 black bears
  2 elephant zombies (Lair:5)
  4 ice beasts
  2 hornet zombies
  An elephant skeleton (Lair:5)
  9 ogres
  16 wolves
  A phantom (D:6)
  A swamp dragon skeleton (Crypt:2)
  11 centaurs
  A snapping turtle skeleton (Crypt:1)
  2 human skeletons
  4 lemures
  7 kobold brigands
  11 bullfrogs
  3 gnoll sergeants
  2 scorpions
  3 earth elementals
  3 cane toad simulacra (Lair:5)
  A necrophage (Crypt:2)
  2 two-headed ogre simulacra (IceCv)
  An entropy weaver simulacrum (Vaults:2)
  A warg zombie (Crypt:3)
  14 wights
  Dowan (D:6)
  5 small abominations (Gauntlet)
  2 raiju zombies
  4 killer bees
  2 howler monkeys
  7 electric eels
  5 crimson imps
  A bullfrog zombie (Crypt:1)
  5 hounds
  20 orc priests
  A jelly (D:8)
  5 gnoll boudas
  3 iguanas (Lair:3)
  23 orc wizards
  5 lightning spires (Zot:2)
  A troll simulacrum (IceCv)
  Robin (D:2)
  19 gnolls
  8 adders
  A river rat (D:5)
  A steam dragon skeleton (Crypt:1)
  4 shadow imps
  12 white imps
  2 adder zombies (Crypt:1)
  A dart slug (D:1)
  92 orcs
  5 bats
  5 endoplasms
  10 giant cockroaches
  10 hobgoblins
  7 jackals
  5 quokkas
  7 ball pythons
  5 frilled lizards
  16 goblins
  A hobgoblin zombie (Crypt:3)
  23 kobolds
  A quokka skeleton (Crypt:1)
  10 rats
  4 ball lightnings (Zot:2)
2490 creatures vanquished.

Vanquished Creatures (collateral kills)
  the Royal Jelly (Slime:5)
  An orb of fire (Zot:5)
  Josephina (Depths:4)
  The ghost of tmcgee265 the Fencer, an adept AtFi of Ashenzari (Elf:3)
  Mlioglotl (Spider:3)
  Jorgrun (D:14)
  Rupert (D:15)
  Grunn (Zot:1)
  A deep elf master archer (Elf:3)
  A quicksilver dragon (Zot:2)
  A sphinx (Vaults:4)
  A storm dragon (Zot:1)
  A tengu reaver (Vaults:5)
  An azure jelly (Slime:5)
  A rockslime (Slime:5)
  An ironbound preserver (Vaults:4)
  A war gargoyle (Vaults:5)
  A quicksilver ooze (Slime:4)
  A deep elf demonologist (Elf:3)
  A minotaur (Gauntlet)
  A yellow draconian (Zot:2)
  A spark wasp (Spider:4)
  A red draconian (Zot:1)
  2 fire dragons
  2 yaktaur captains (Vaults:4)
  4 deep elf high priests (Elf:3)
  A jiangshi (Crypt:3)
  An ice dragon (Zot:1)
  2 vault guards (Vaults:5)
  A jorogumo (Spider:4)
  A peacekeeper (Vaults:4)
  A juggernaut simulacrum (Depths:4)
  A radroach (Spider:4)
  An ironbound frostheart (Vaults:2)
  An orc high priest (Orc:2)
  4 skeletal warriors (D:14)
  3 orb spiders (Spider:4)
  A bog body (IceCv)
  2 necromancers
  A wolf spider (Spider:4)
  3 orc knights (Orc:2)
  A vault sentinel (Vaults:4)
  A torpor snail (Spider:4)
  A guardian mummy (Crypt:3)
  A tengu simulacrum (Depths:4)
  A meliai (D:14)
  2 tarantellas (Spider:4)
  A shadow dragon simulacrum (Depths:4)
  13 slime creatures
  An ushabti (Crypt:3)
  2 redbacks
  3 orc warriors (Orc:2)
  3 killer bees (D:9)
  3 orc priests
  3 orc wizards
  3 white imps (Orc:1)
  3 orcs
  3 kobolds (D:9)
100 creatures vanquished.

Vanquished Creatures (others)
  An eldritch tentacle (WizLab)
  A draconian monk (Zot:1)
  A spark wasp (Zot:2)
  An alligator (Swamp:4)
  2 shock serpents (Zot:2)
  A deep elf knight (Elf:1)
  A tarantella (Spider:4)
  A water elemental (Depths:4)
  A swamp drake (Swamp:4)
  An orc wizard (D:8)
  A ball lightning (Zot:2)
  10 foxfires
  2 starspawn tentacles (WizLab)
24 creatures vanquished.

Grand Total: 2614 creatures vanquished

Notes
Turn   | Place    | Note
-------+----------+-------------------------------------------
     0 | D:1      | Hi5aMiFi the Minotaur Berserker began the quest for the
                  | Orb.
     0 | D:1      | Reached XP level 1. HP: 19/19 MP: 0/0
   425 | D:1      | Found a faded altar of an unknown god.
   452 | D:1      | Reached XP level 2. HP: 28/28 MP: 1/1
   870 | D:1      | Reached ** piety under Trog
  1036 | D:1      | Reached XP level 3. HP: 35/35 MP: 2/2
  1062 | D:1      | Reached skill level 5 in Fighting
  1489 | D:2      | Noticed Robin
  1603 | D:2      | Identified a scroll of acquirement
  1604 | D:2      | Acquired a +4 eveningstar of draining
  1809 | D:2      | Found Wexis's Weapon Shoppe.
  2069 | D:2      | Killed Robin
  2070 | D:2      | Reached XP level 4. HP: 41/42 MP: 3/3
  2518 | D:3      | Found Arisama's General Store.
  2521 | D:3      | Bought a scroll of enchant weapon for 90 gold pieces
  3055 | D:4      | Reached skill level 1 in Shields
  3055 | D:4      | Reached XP level 5. HP: 48/48 MP: 4/4
  3074 | D:4      | Noticed an ogre
  3136 | D:4      | Reached *** piety under Trog
  3189 | D:4      | Reached skill level 5 in Maces & Flails
  3308 | D:4      | Reached XP level 6. HP: 56/56 MP: 5/5
  3993 | D:5      | Entered Level 5 of the Dungeon
  4183 | D:5      | Found a shimmering altar of Xom.
  4215 | D:5      | Identified the +7 flail "Beetleslayer" {drain, SInv}
  4236 | D:5      | Noticed Pikel
  4245 | D:5      | Reached skill level 5 in Armour
  4259 | D:5      | Noticed Eustachio
  4456 | D:5      | Reached XP level 7. HP: 61/61 MP: 6/6
  4921 | D:4      | Reached skill level 5 in Shields
  5313 | D:6      | Reached XP level 8. HP: 62/68 MP: 7/7
  5926 | D:6      | Noticed Prince Ribbit
  5939 | D:6      | Killed Prince Ribbit
  6196 | D:6      | Noticed Duvessa
  6196 | D:6      | Noticed Dowan
  6209 | D:6      | Killed Duvessa
  6210 | D:6      | Reached XP level 9. HP: 75/75 MP: 8/8
  6212 | D:6      | Killed Dowan
  6689 | D:7      | Reached **** piety under Trog
  7142 | D:7      | Noticed Joseph
  7326 | D:7      | Found a staircase to the Ecumenical Temple.
  7503 | D:8      | Reached skill level 10 in Maces & Flails
  7503 | D:8      | Reached skill level 1 in Throwing
  7887 | D:8      | Noticed Maurice
  7890 | D:8      | Paralysed by Maurice for 4 turns
  7898 | D:8      | Killed Maurice
  8175 | D:8      | Reached XP level 10. HP: 86/86 MP: 9/9
  8429 | D:9      | Reached ***** piety under Trog
  8562 | D:9      | Reached skill level 10 in Armour
  8663 | D:9      | Noticed a two-headed ogre
  8680 | D:9      | Killed a two-headed ogre
  8681 | D:9      | Reached skill level 10 in Shields
  8751 | D:9      | Found a flagged portal.
  8842 | D:9      | Noticed a cyclops
  8850 | D:9      | Killed a cyclops
  8940 | D:9      | Reached skill level 10 in Fighting
  8949 | Bailey   | Entered a bailey
  9038 | Bailey   | Received a gift from Trog
  9204 | Bailey   | Reached XP level 11. HP: 91/99 MP: 10/10
  9638 | D:9      | Found a staircase to the Lair.
  9642 | D:9      | Identified the +2 robe of Dim Light {Harm Rampage Int+2
                  | SInv}
  9929 | D:10     | Entered Level 10 of the Dungeon
 10083 | D:10     | Identified the amulet "Rogai" {Reflect rF+ rN+ Will- SH+5}
 11595 | D:5      | Killed Eustachio
 11738 | D:5      | Killed Pikel
 12077 | Lair:1   | Entered Level 1 of the Lair of Beasts
 13146 | Lair:2   | Noticed a skyshark
 13153 | Lair:2   | Killed a skyshark
 13342 | Lair:2   | Reached XP level 12. HP: 105/110 MP: 11/11
 13784 | Lair:2   | You fall into a shaft and drop 1 floor!
 13887 | Lair:3   | Noticed a four-headed hydra
 13908 | Lair:3   | Killed a four-headed hydra
 14037 | Lair:3   | Received a gift from Trog
 14355 | Lair:2   | Reached skill level 15 in Maces & Flails
 14524 | Lair:3   | Found a staircase to the Swamp.
 14919 | Lair:3   | Found a hole to the Spider Nest.
 15308 | Lair:4   | Reached XP level 13. HP: 115/118 MP: 12/12
 15930 | Lair:5   | Entered Level 5 of the Lair of Beasts
 15930 | Lair:5   | Found a viscous altar of Jiyva.
 15930 | Lair:5   | Found a staircase to the Slime Pits.
 16141 | Lair:5   | Found a gate leading to a gauntlet.
 16168 | Gauntlet | Entered a Gauntlet
 16168 | Gauntlet | Found a transporter.
 16175 | Gauntlet | Found a transporter.
 16177 | Gauntlet | Found a transporter.
 16192 | Gauntlet | Found a transporter.
 16194 | Gauntlet | Found a transporter.
 16208 | Gauntlet | Found a transporter.
 16219 | Gauntlet | Found a transporter.
 16223 | Gauntlet | Noticed a quicksilver ooze
 16228 | Gauntlet | Found a transporter.
 16233 | Gauntlet | Found a transporter.
 16234 | Gauntlet | Found a transporter.
 16241 | Gauntlet | Found a runed translucent door.
 16242 | Gauntlet | Found a transporter.
 16243 | Gauntlet | Found a runed translucent door.
 16243 | Gauntlet | Found a transporter.
 16258 | Gauntlet | Found a runed translucent door.
 16262 | Gauntlet | Noticed a green death
 16265 | Gauntlet | Found a transporter.
 16279 | Gauntlet | Found a transporter.
 16394 | Gauntlet | Killed a green death
 16449 | Gauntlet | Noticed a minotaur
 16454 | Gauntlet | Killed a minotaur
 16461 | Gauntlet | Identified the ring of Ashenzari's Pride {rCorr Dex+4
                  | Stlth+}
 16714 | Lair:5   | Reached skill level 15 in Armour
 16720 | Lair:5   | Received a gift from Trog
 17295 | Lair:5   | Noticed a dire elephant
 17295 | Lair:5   | Noticed a dire elephant
 17568 | Lair:5   | Reached XP level 14. HP: 127/132 MP: 13/13
 17635 | Lair:5   | Identified the staff of air "Otut" {rElec rF+ Will+ Dex+3}
 17735 | Lair:5   | Identified the +4 robe of Birdsong {rC+ Dex+2}
 17975 | D:7      | Found a sparkling altar of Nemelex Xobeh.
 17975 | D:7      | Found a white marble altar of Elyvilon.
 17975 | D:7      | Found a broken altar of Ashenzari.
 17975 | D:7      | Found a glowing golden altar of the Shining One.
 18329 | D:7      | Killed Joseph
 18475 | D:11     | Noticed Urug
 18482 | D:11     | Killed Urug
 18776 | D:11     | Identified the +1 chain mail of Responsibility {+Inv Regen+
                  | Int+5 Dex-2}
 18872 | D:11     | Reached skill level 15 in Shields
 18875 | D:11     | Reached skill level 15 in Fighting
 18890 | D:11     | Found a staircase to the Orcish Mines.
 19175 | D:12     | Received a gift from Trog
 19293 | D:12     | Reached skill level 1 in Evocations
 19605 | D:12     | Identified the +5 rapier of Nemelex Xobeh's Envy {heavy,
                  | Drain +Blink rPois MP+9}
 19653 | D:12     | Found Ledausme's Assorted Antiques.
 19679 | D:12     | Bought a black potion for 23 gold pieces
 19679 | D:12     | Bought a scroll labelled AGGUSHEXIP for 26 gold pieces
 20784 | D:13     | Reached skill level 5 in Dodging
 20928 | D:13     | Found a gate to the Vaults.
 21106 | D:14     | Noticed Jorgrun
 21120 | D:14     | Killed Jorgrun
 21253 | D:14     | Reached XP level 15. HP: 144/144 MP: 14/14
 21312 | D:14     | Received a gift from Trog
 21443 | D:14     | Found Optum's Pet Rocks.
 22184 | Orc:1    | Entered Level 1 of the Orcish Mines
 22449 | Orc:2    | Entered Level 2 of the Orcish Mines
 22454 | Orc:2    | Noticed Nessos
 22461 | Orc:2    | Killed Nessos
 22510 | Orc:2    | Found a staircase to the Elven Halls.
 22635 | Orc:1    | Found a frozen archway.
 22660 | IceCv    | Entered an ice cave
 23182 | IceCv    | Reached skill level 5 in Throwing
 24012 | Orc:2    | Found Jimootug's Assorted Antiques.
 24104 | Orc:2    | Found Suath's Magic Scroll Emporium.
 24186 | Orc:2    | Found Valiteco's Book Emporium.
 24195 | Orc:2    | Bought a scroll of identify for 50 gold pieces
 24195 | Orc:2    | Bought 2 black potions for 45 gold pieces
 24195 | Orc:2    | Bought a scroll of identify for 50 gold pieces
 24195 | Orc:2    | Bought a scroll of blinking for 187 gold pieces
 24195 | Orc:2    | Bought a potion of might for 100 gold pieces
 24200 | Orc:2    | Bought a scroll of identify for 30 gold pieces
 24202 | Orc:2    | Bought a scroll of identify for 30 gold pieces
 24205 | Orc:2    | Found Aderesk's Weapon Shop.
 24383 | Swamp:1  | Entered Level 1 of the Swamp
 24383 | Swamp:1  | Noticed Roxanne
 24469 | Spider:1 | Entered Level 1 of the Spider Nest
 25094 | Spider:1 | Reached skill level 5 in Evocations
 25290 | Spider:1 | Received a gift from Trog
 25420 | Spider:1 | Identified the -1 pair of boots of Insatiable Hunger {rC+
                  | Regen+ Str-2 Stlth+}
 25520 | Spider:1 | Reached XP level 16. HP: 134/155 MP: 15/15
 26037 | D:3      | Bought a box of beasts for 480 gold pieces
 26037 | D:3      | Bought a lightning rod (4/4) for 360 gold pieces
 27255 | Spider:2 | Reached skill level 10 in Throwing
 28296 | Spider:3 | Reached ****** piety under Trog
 28436 | Spider:3 | Received a gift from Trog
 29176 | Spider:3 | Noticed Mlioglotl
 29185 | Spider:3 | Noticed a bone dragon
 29190 | Spider:3 | Killed Mlioglotl
 29435 | Spider:4 | Entered Level 4 of the Spider Nest
 30327 | Spider:4 | Reached XP level 17. HP: 168/168 MP: 16/16
 30474 | Spider:4 | Received a gift from Trog
 31238 | Spider:4 | Got a gossamer rune of Zot
 31341 | Spider:4 | Noticed Agnes
 31341 | Spider:4 | Noticed Arachne
 31392 | Spider:4 | Killed Arachne
 31407 | Spider:4 | Killed Agnes
 32006 | D:12     | Bought a scroll of fog for 104 gold pieces
 32728 | Swamp:1  | Reached skill level 15 in Throwing
 33659 | Swamp:2  | Received a gift from Trog
 34395 | Swamp:1  | Killed Roxanne
 34982 | Swamp:3  | Reached XP level 18. HP: 173/180 MP: 17/17
 35008 | Swamp:3  | Identified the +10 battleaxe of Exoneration {antimagic,
                  | Will++ Dex-4 SInv Stlth+}
 35387 | Swamp:3  | Identified the +4 chain mail "Guupn" {rN+ Str+4 Int+2}
 35638 | Swamp:4  | Entered Level 4 of the Swamp
 35748 | Swamp:4  | Received a gift from Trog
 37110 | Swamp:4  | Got a decaying rune of Zot
 37621 | D:15     | Entered Level 15 of the Dungeon
 37680 | D:15     | Noticed Rupert
 37687 | D:15     | Killed Rupert
 37713 | D:15     | Received a gift from Trog
 37883 | D:15     | Found a staircase to the Depths.
 38428 | D:15     | Found a sacrificial altar of Ru.
 39235 | Vaults:1 | Entered Level 1 of the Vaults
 39736 | Vaults:1 | Received a gift from Trog
 39953 | Vaults:1 | Reached XP level 19. HP: 175/191 MP: 6/18
 40359 | Vaults:1 | Reached skill level 10 in Evocations
 41181 | D:12     | Bought a phial of floods for 1040 gold pieces
 41425 | Vaults:2 | Found Murefal's General Store.
 41613 | Vaults:2 | Found a staircase to the Crypt.
 41814 | Vaults:2 | Received a gift from Trog
 43752 | Vaults:2 | Received a gift from Trog
 44595 | Vaults:3 | Noticed Xtahua
 44612 | Vaults:3 | Paralysed by Xtahua for 3 turns
 44618 | Vaults:3 | Killed Xtahua
 45120 | Vaults:3 | Reached XP level 20. HP: 179/200 MP: 19/19
 45202 | Vaults:3 | Identified the amulet of Rakuido {RegenMP rN++}
 45429 | Vaults:3 | Received a gift from Trog
 46084 | Vaults:3 | Found Senid's Assorted Antiques.
 46092 | Vaults:3 | Bought a scroll of enchant armour for 322 gold pieces
 47661 | Vaults:4 | Received a gift from Trog
 47719 | Vaults:4 | Found a runed translucent gate.
 47719 | Vaults:4 | Found a runed translucent gate.
 47719 | Vaults:4 | Found a runed translucent gate.
 47721 | Vaults:4 | Noticed howech's ghost (veteran MiGl)
 48111 | Vaults:4 | Acquired a manual of Evocations
 48119 | Vaults:4 | Acquired the +1 hat "Tiyts" {rElec rC+ Dex+2 Stlth+}
 49155 | Elf:1    | Entered Level 1 of the Elven Halls
 49997 | Elf:1    | Received a gift from Trog
 51131 | Elf:2    | Reached XP level 21. HP: 216/216 MP: 6/20
 51133 | Elf:2    | Found a radiant altar of Vehumet.
 51140 | Elf:2    | Paralysed by an air elemental for 1 turns
 51143 | Elf:2    | Paralysed by an air elemental for 1 turns
 51216 | Elf:2    | Found a runed translucent gate.
 51217 | Elf:2    | Found a runed translucent gate.
 51217 | Elf:2    | Found a runed translucent gate.
 51296 | Elf:2    | Received a gift from Trog
 51507 | Elf:2    | Reached skill level 15 in Evocations
 51651 | Elf:2    | Noticed Zenata
 51664 | Elf:2    | Killed Zenata
 52139 | Elf:3    | Entered Level 3 of the Elven Halls
 52184 | Elf:3    | Found a magical portal.
 52184 | Elf:3    | Noticed Saint Roka
 52198 | Elf:3    | Killed Saint Roka
 52284 | WizLab   | Entered The Roulette of Golubria
 52284 | WizLab   | Found a transporter.
 52287 | WizLab   | Found the +2 cloak of the Thief {*Fog Slay-2 SInv Stlth+}
 52287 | WizLab   | Found a corrupted altar of Lugonu.
 52344 | WizLab   | Found a transporter.
 52346 | WizLab   | Found a corrupted altar of Lugonu.
 52381 | WizLab   | Found a transporter.
 52418 | WizLab   | Found a transporter.
 52492 | WizLab   | Found a transporter.
 52544 | WizLab   | Found a transporter.
 52616 | WizLab   | Found a transporter.
 52620 | WizLab   | Found a transporter.
 52769 | WizLab   | Found a transporter.
 52769 | WizLab   | Found a transporter.
 52788 | WizLab   | Identified the +1 dire flail of Judgement {flame, rF+}
                  | (Trog gifted it to you in a wizard's laboratory)
 52788 | WizLab   | Received a gift from Trog
 52815 | WizLab   | Found a transporter.
 52815 | WizLab   | Found a transporter.
 52944 | WizLab   | Found a transporter.
 52944 | WizLab   | Found a transporter.
 52962 | WizLab   | Found a transporter.
 52992 | WizLab   | Found a transporter.
 53035 | WizLab   | Found a transporter.
 53035 | WizLab   | Found a transporter.
 53091 | WizLab   | Found a transporter.
 53091 | WizLab   | Found a transporter.
 53107 | WizLab   | Identified the +8 great sword "Yrchiny" {drain, rPois rN++
                  | Str+2}
 53120 | WizLab   | Identified the +0 cloak of Thoughtfulness {+Inv Int-2
                  | Dex+3}
 53857 | Elf:3    | Found Ogorph's Assorted Antiques.
 54111 | Elf:3    | Found a runed translucent gate.
 54111 | Elf:3    | Found a runed translucent gate.
 54111 | Elf:3    | Found a runed translucent gate.
 54111 | Elf:3    | Noticed tmcgee265's ghost (adept AtFi)
 54112 | Elf:3    | Noticed bairyn's ghost (veteran MiFi)
 54112 | Elf:3    | Found the amulet of Vitality {RegenMP++ Regen++}
 54137 | Elf:3    | Killed tmcgee265's ghost
 54139 | Elf:3    | Killed bairyn's ghost
 54157 | Elf:3    | Identified the +2 hat of the End {Will- MP+9 Str+7 Dex-5}
 54407 | Elf:3    | Noticed Mara
 54408 | Elf:3    | Noticed Hi5aMiFi's illusion
 54937 | Elf:3    | Identified the +0 scale mail "Sumatel" {rElec Str-3 Dex+4
                  | Stlth+}
 55042 | Elf:3    | Identified the +3 rapier "Ufyqothreme" {drain, rC+++ rN+
                  | Int-5 SInv}
 55042 | Elf:3    | Identified the +6 morningstar of Somewhere Else {flame, rN+
                  | Int+2}
 55042 | Elf:3    | Identified the +1 chain mail "Uhyisan" {rPois rCorr Dex-5
                  | SInv}
 55098 | Elf:3    | Identified the +1 quarterstaff "Zawkipp" {pain, rPois
                  | Str+3}
 55098 | Elf:3    | Identified the +2 leather armour of Greed {Int+4}
 55129 | Elf:3    | Noticed Hi5aMiFi's illusion
 55132 | Elf:3    | Killed Mara
 55192 | Elf:3    | Identified the +4 dagger of Calculation {spect, Str-2
                  | Dex+4}
 55200 | Elf:3    | Reached skill level 1 in Polearms
 55224 | Elf:3    | Identified the +1 robe "Ikank" {Slay+3}
 55224 | Elf:3    | Identified the ring of Ligykep {rN+ Int+6}
 55363 | Elf:3    | Received a gift from Trog
 55516 | Elf:3    | Identified the staff of conjuration "Ysedghoh" {rElec rN+
                  | Str+4 Int-2}
 56160 | Lair:5   | Identified the +5 spear of Gallantry {speed, rF++ Dex+3}
 56706 | Vaults:4 | Reached XP level 22. HP: 231/231 MP: 7/21
 56888 | Vaults:4 | Killed howech's ghost
 57058 | Vaults:4 | Identified the +0 pair of gloves "Zafugiek" {rPois rC++
                  | rN+++ Will-}
 57604 | Crypt:1  | Entered Level 1 of the Crypt
 57855 | Crypt:1  | Reached skill level 27 in Fighting
 57900 | Crypt:1  | Reached skill level 5 in Polearms
 58114 | Crypt:1  | Received a gift from Trog
 58324 | Crypt:1  | Acquired a manual of Dodging
 59075 | Crypt:2  | Noticed Frederick
 59089 | Crypt:2  | Killed Frederick
 59280 | Crypt:2  | Identified the +9 spear of Moral Flaws {antimagic, rPois
                  | rC- rN+ Dex+4}
 59478 | Crypt:2  | Reached skill level 10 in Polearms
 59814 | Crypt:2  | Received a gift from Trog
 59884 | Crypt:2  | Reached skill level 10 in Dodging
 59998 | Crypt:3  | Entered Level 3 of the Crypt
 60645 | Crypt:3  | Found a staircase to the Tomb.
 61558 | Crypt:3  | Received a gift from Trog
 61893 | Crypt:3  | Noticed a curse toe
 61911 | Crypt:3  | Killed a curse toe
 62154 | Crypt:3  | Found a basalt altar of Yredelemnul.
 62157 | Crypt:3  | Found an ancient bone altar of Kikubaaqudgha.
 62176 | Crypt:3  | Identified the +5 chain mail of the Guild-Master {-Tele
                  | Str+5 SInv}
 62237 | Crypt:3  | Identified the +2 hand axe "Ogreslayer" {vamp, rPois rC+}
 62238 | Crypt:3  | Identified the staff of death "Haadyv" {rPois rN+ Will-
                  | Int+8 Dex-3}
 62656 | Slime:1  | Entered Level 1 of the Pits of Slime
 62729 | Slime:3  | Reached XP level 23. HP: 188/240 MP: 7/22
 63130 | Slime:5  | Entered Level 5 of the Pits of Slime
 63362 | Slime:5  | Gained mutation: Armour fits poorly on your strangely
                  | shaped body. [a shining eye]
 63677 | Slime:5  | Noticed the Royal Jelly
 63725 | Slime:5  | Found a viscous altar of Jiyva.
 63725 | Slime:5  | Gained mutation: You are clumsy. (Dex -2) [a shining eye]
 63727 | Slime:5  | Gained mutation: You are very clumsy. (Dex -4) [a shining
                  | eye]
 63770 | Slime:5  | Killed the Royal Jelly
 63804 | Slime:5  | Identified the +9 flail of Dissent {freeze, rCorr Str+3}
 63821 | Slime:5  | Got a slimy rune of Zot
 63825 | Slime:5  | Identified the amulet "Etsoitara" {Faith rPois Str+3 Int+3
                  | Stlth+}
 63844 | Slime:5  | Identified the +7 great sword "Daiphaenn" {chaos, rC+ rN+}
 63859 | Slime:5  | Identified the +6 sling "Diduomee" {freeze, rN+}
 63896 | Slime:5  | Identified the +7 great sword of Fortitude {venom, rElec
                  | rCorr Stlth+}
 63918 | Slime:5  | Acquired a manual of Evocations
 63929 | Slime:5  | Identified the +5 plate armour "Ohijop" {Contam rPois rN++
                  | Regen+}
 63935 | Slime:5  | Identified the +6 scale mail "Vonebijy" {Int+3}
 63937 | Slime:5  | Identified the +4 spear of Proximity {antimagic, rPois
                  | Int+5}
 64233 | Lair:5   | Lost mutation: Armour fits poorly on your strangely shaped
                  | body. [potion of mutation]
 64233 | Lair:5   | Lost mutation: You are very clumsy. (Dex -4) [potion of
                  | mutation]
 64233 | Lair:5   | Lost mutation: You are clumsy. (Dex -2) [potion of
                  | mutation]
 64233 | Lair:5   | Gained mutation: Your spells are a little harder to cast,
                  | but a little more powerful. [potion of mutation]
 64233 | Lair:5   | Gained mutation: You are frail. (-10% HP) [potion of
                  | mutation]
 64233 | Lair:5   | Lost mutation: Your spells are a little harder to cast, but
                  | a little more powerful. [potion of mutation]
 64233 | Lair:5   | Gained mutation: Your muscles are strong. (Str +4, Int/Dex
                  | -1) [potion of mutation]
 64234 | Lair:5   | Lost mutation: Your muscles are strong. (Str +4, Int/Dex
                  | -1) [potion of mutation]
 64234 | Lair:5   | Lost mutation: You are frail. (-10% HP) [potion of
                  | mutation]
 64234 | Lair:5   | Gained mutation: You possess an exceptional clarity of
                  | mind. [potion of mutation]
 64234 | Lair:5   | Gained mutation: Your flesh is heat resistant. (rF+)
                  | [potion of mutation]
 64234 | Lair:5   | Gained mutation: You are partially covered in iridescent
                  | scales. (AC +2) [potion of mutation]
 64516 | Depths:1 | Entered Level 1 of the Depths
 64521 | Depths:1 | Received a gift from Trog
 64832 | Depths:1 | Found a burning altar of Makhleb.
 64929 | Depths:1 | Found a white marble altar of Elyvilon.
 65043 | Depths:1 | Found a gateway to Hell.
 65063 | Depths:1 | You fall into a shaft and drop 1 floor!
 65074 | Depths:2 | Reached skill level 15 in Dodging
 65579 | Depths:2 | Acquired a manual of Evocations
 65614 | Depths:2 | Received a gift from Trog
 65884 | Depths:1 | Found a one-way gate to the infinite horrors of the Abyss.
 66447 | Depths:2 | Found a one-way gate leading to the halls of Pandemonium.
 66718 | Depths:2 | Identified the ring "Edghic" {rCorr Int+3}
 67163 | Depths:2 | Noticed Boris
 67193 | Depths:2 | Killed Boris
 67302 | Depths:2 | Identified the ring "Nut Apoohang" {*Corrode MP+9 Int+6}
 67313 | Depths:2 | Received a gift from Trog
 67362 | Depths:2 | Found a radiant altar of Vehumet.
 67366 | Depths:2 | Identified the +3 quarterstaff of Inushryi {heavy, Str+3}
 68076 | Depths:3 | Noticed Louise
 68082 | Depths:3 | Killed Louise
 68211 | Depths:3 | Reached XP level 24. HP: 249/249 MP: 16/22
 68550 | Depths:3 | Found a shimmering altar of Xom.
 68550 | Depths:3 | Found a shimmering altar of Xom.
 68550 | Depths:3 | Found a shimmering altar of Xom.
 68550 | Depths:3 | Found a shimmering altar of Xom.
 68550 | Depths:3 | Found a shimmering altar of Xom.
 68551 | Depths:3 | Found a shimmering altar of Xom.
 68896 | Depths:3 | Found a one-way gateway to a ziggurat.
 69089 | Depths:4 | Entered Level 4 of the Depths
 69147 | Depths:4 | Found a portal to a secret trove of treasure.
 69220 | Depths:4 | Found Edaah's Book Boutique.
 69220 | Depths:4 | Found Tiabuh's Jewellery Shoppe.
 69221 | Depths:4 | Found Sakefapn's Jewellery Shoppe.
 69722 | Depths:4 | Identified the ring of Rationality {Ice rPois rN+ Int-3}
 69722 | Depths:4 | Noticed Josephina
 69740 | Depths:4 | Killed Josephina
 70235 | Depths:4 | Identified the +10 morningstar "Uggonem" {flame, Dex+2}
                  | (Trog gifted it to you on level 4 of the Depths)
 70235 | Depths:4 | Received a gift from Trog
 70425 | Depths:4 | Found a gate to the Realm of Zot.
 70441 | Zot:1    | Entered Level 1 of the Realm of Zot
 71154 | Zot:1    | Reached XP level 25. HP: 198/257 MP: 22/22
 71174 | Zot:1    | Received a gift from Trog
 71229 | Zot:1    | Noticed Grunn
 71249 | Zot:1    | Killed Grunn
 71340 | Zot:1    | Identified the +7 morningstar "Izxiow" {heavy, rC- Str+6}
 71369 | Zot:1    | Found the +2 hood of the Assassin {Detect Stab+ Stlth++}
 72316 | Zot:1    | Noticed an ancient lich
 72379 | Zot:1    | Killed an ancient lich
 72434 | Zot:1    | Found a stormy altar of Qazlal.
 72456 | Zot:1    | Identified the +4 ring mail of Impermeability {Slay+2}
 73427 | Zot:2    | Received a gift from Trog
 74116 | Zot:2    | Noticed an orb of fire
 74121 | Zot:1    | Gained mutation: Armour fits poorly on your strangely
                  | shaped body. [an orb of fire]
 74148 | Zot:1    | Lost mutation: Armour fits poorly on your strangely shaped
                  | body. [an orb of fire]
 74149 | Zot:1    | Killed an orb of fire
 75084 | Zot:2    | Received a gift from Trog
 75085 | Zot:2    | Reached XP level 26. HP: 235/266 MP: 7/22
 76842 | Zot:2    | Received a gift from Trog
 77998 | Zot:5    | Entered Level 5 of the Realm of Zot
 78344 | Zot:5    | Noticed an orb of fire
 78344 | Zot:5    | Noticed a dread lich
 78345 | Zot:5    | Gained mutation: You are dopey. (Int -2) [an orb of fire]
 78353 | Zot:5    | Gained mutation: You have hidden genetic potential. [an orb
                  | of fire]
 78354 | Zot:5    | Gained mutation: You occasionally shout uncontrollably at
                  | your foes. [an orb of fire]
 78360 | Zot:5    | Killed a dread lich
 78362 | Zot:5    | Gained mutation: You are weak. (Str -2) [an orb of fire]
 78365 | Zot:5    | Gained mutation: Your spells are a little easier to cast,
                  | but a little less powerful. [an orb of fire]
 78370 | Zot:5    | Gained mutation: You are very weak. (Str -4) [an orb of
                  | fire]
 78374 | Zot:5    | Killed an orb of fire
 78511 | Zot:5    | Lost mutation: You possess an exceptional clarity of mind.
                  | [potion of mutation]
 78511 | Zot:5    | Lost mutation: You are very weak. (Str -4) [potion of
                  | mutation]
 78511 | Zot:5    | Lost mutation: You occasionally shout uncontrollably at
                  | your foes. [potion of mutation]
 78511 | Zot:5    | Lost mutation: Your flesh is heat resistant. (rF+) [potion
                  | of mutation]
 78511 | Zot:5    | Gained mutation: You are frail. (-10% HP) [potion of
                  | mutation]
 78511 | Zot:5    | Gained mutation: You expend magic power (3 MP) to
                  | strengthen your wands. [potion of mutation]
 78511 | Zot:5    | Lost mutation: You are weak. (Str -2) [potion of mutation]
 78512 | Zot:5    | Lost mutation: You are frail. (-10% HP) [potion of
                  | mutation]
 78512 | Zot:5    | Lost mutation: You expend magic power (3 MP) to strengthen
                  | your wands. [potion of mutation]
 78512 | Zot:5    | Gained mutation: Your system is resistant to poisons.
                  | (rPois) [potion of mutation]
 78512 | Zot:5    | Lost mutation: You have hidden genetic potential. [potion
                  | of mutation]
 78512 | Zot:5    | Gained mutation: You possess an exceptional clarity of
                  | mind. [potion of mutation]
 78513 | Zot:5    | Lost mutation: You possess an exceptional clarity of mind.
                  | [potion of mutation]
 78513 | Zot:5    | Lost mutation: You are dopey. (Int -2) [potion of mutation]
 78513 | Zot:5    | Gained mutation: You have an increased reservoir of magic.
                  | (+10% MP) [potion of mutation]
 79337 | Vaults:5 | Entered Level 5 of the Vaults
 79667 | Vaults:5 | Received a gift from Trog
 79821 | Vaults:5 | Reached skill level 27 in Shields
 79860 | Vaults:5 | Identified the amulet of Pufodupsu {rElec rF- Regen+ Dex+3}
 79909 | Vaults:5 | Got a silver rune of Zot
 80089 | Vaults:5 | Noticed Sojobo
 80212 | Vaults:5 | Identified the +4 scimitar of Uncomfortable Rashes {flame,
                  | Str+3 Dex+2}
 80222 | Vaults:5 | Identified the staff of cold "Geduiri" {rC+ SInv}
 80315 | Vaults:5 | Killed Sojobo
 80454 | Vaults:5 | Reached skill level 27 in Armour
 80455 | Vaults:5 | Reached XP level 27. HP: 256/273 MP: 18/24
 80891 | Vaults:5 | Identified the ring "Umibleuxt" {Drain +Blink rElec Dex+6}
 82386 | Zot:5    | Noticed an orb of fire
 82393 | Zot:5    | Gained mutation: You are vulnerable to cold. (rC-) [an orb
                  | of fire]
 82397 | Zot:5    | Noticed an ancient lich
 82397 | Zot:5    | Killed an orb of fire
 82413 | Zot:5    | Noticed an orb of fire
 82414 | Zot:5    | Killed an ancient lich
 82414 | Zot:5    | Received a gift from Trog
 82418 | Zot:5    | Gained mutation: Your spells are easier to cast, but less
                  | powerful. [an orb of fire]
 82428 | Zot:5    | Gained mutation: You occasionally shout uncontrollably at
                  | your foes. [an orb of fire]
 82438 | Zot:5    | Killed an orb of fire
 82659 | Zot:5    | Noticed an orb of fire
 82659 | Zot:5    | Gained mutation: You are frail. (-10% HP) [an orb of fire]
 82668 | Zot:5    | Gained mutation: Your spells are much easier to cast, but
                  | much less powerful. [an orb of fire]
 82669 | Zot:5    | Killed an orb of fire
 82694 | Zot:5    | Noticed an ancient lich
 82705 | Zot:5    | Killed an ancient lich
 82721 | Zot:5    | Lost mutation: You have an increased reservoir of magic.
                  | (+10% MP) [potion of mutation]
 82721 | Zot:5    | Lost mutation: You are frail. (-10% HP) [potion of
                  | mutation]
 82721 | Zot:5    | Gained mutation: You are mostly covered in iridescent
                  | scales. (AC +4) [potion of mutation]
 82818 | Zot:5    | Noticed an orb of fire
 82828 | Zot:5    | Gained mutation: You are weak. (Str -2) [an orb of fire]
 82832 | Zot:5    | Killed an orb of fire
 83029 | Zot:5    | Noticed an orb of fire
 83097 | Zot:5    | Killed an orb of fire
 83487 | Zot:5    | Got the Orb of Zot
 83496 | Zot:5    | Noticed Teubliy the pandemonium lord
 83611 | Zot:1    | Noticed Jecleofa the pandemonium lord
 83929 | D:3      | Noticed Pimom the pandemonium lord
 83991 | D:$      | Escaped with the Orb!

Illustrated notes

Levels and vault maps discovered:
D:1:      saegor_arrival_simple_a, layout_basic, ebering_ecumenical_altar_hall
D:2:      layout_rooms, serial_shops, shop, minmay_hedge_maze,
          corexii_item_surrounded_by_moat, uniq_robin
D:3:      layout_basic, serial_shops, nicolae_shop_window_shopping
D:4:      layout_gridville, nicolae_concentric_dashed_squares_wild,
          minmay_misc_feat_four_crosses, lexackson_kobold_supper
D:5:      layout_loops_ring, lemuel_round_altar, gup_sewer_entry_bubbles,
          minmay_strange_pillars, grunt_decor_cap, uniq_pikel, uniq_eustachio
D:6:      kennysheep_steamy, layout_basic, uniq_prince_ribbit1, uniq_duvessa
D:7:      layout_cave_pods, nicolae_overflow_hidden_temple,
          lemuel_temple_firewalk_a, uniq_joseph
D:8:      layout_loops_cross, grunt_tough_drop, uniq_maurice
D:9:      layout_basic, hellmonk_lair_entry_icy, enter_bailey_2,
          minmay_fractal_squares_gapless_7
D:10:     layout_roguey
D:11:     layout_rooms, orc_0_dummy, uniq_urug
D:12:     layout_cross, serial_shops, shop
D:13:     layout_loops_ring, david_vaults_4
D:14:     layout_basic, minmay_misc_feat_nine_boxes, guppyfry_shop_earth,
          uniq_jorgrun
D:15:     hangedman_depths_entry_try_elsewhere_first, layout_basic,
          nicolae_ru_sacrificial_ziggurat, chequers_serial_rivers_room_a,
          drop_trap, uniq_rupert
Lair:1:   layout_misc_corridors
Lair:2:   layout_gridlike, serial_bayou_crossing
Lair:3:   layout_long_grid, minmay_swamp_entry_reptiles,
          nicolae_spider_entry_orb_guardian, disabler_island
Lair:4:   layout_roguey
Lair:5:   due_jungle_book, layout_cave_pods, slime_entry_1,
          gauntlet_entry_generic, minmay_lindwurm_lava
Swamp:1:  layout_basic_swamp, evilmike_swamp_ruin_house_1, swamp_pool1,
          nicolae_swamp_oxbows, uniq_roxanne
Swamp:2:  layout_basic_swamp, hangedman_swamp_cone, swamp_pool1,
          infiniplex_staircase_pool
Swamp:3:  layout_falls_marsh, evilmike_swamp_ruin_house_5, swamp_pool2,
          nicolae_swamp_feature_on_the_river_bank
Swamp:4:  swamp_basic_johnstein, layout_basic_swamp
Spider:1: layout_spider_delve, hellmonk_watch_for_rolling_rocks
Spider:2: layout_cave_pods
Spider:3: nicolae_spider_hilbert_zone_1 [nicolae_spider_hilbert_4_sides_1_open,
          nicolae_spider_hilbert_4_sides_1_open,
          nicolae_spider_hilbert_4_sides_1_open,
          nicolae_spider_hilbert_4_sides_1_open,
          nicolae_spider_hilbert_3_sides_1_open,
          nicolae_spider_hilbert_3_sides_1_open,
          nicolae_spider_hilbert_3_sides_1_open,
          nicolae_spider_hilbert_3_sides_1_open,
          nicolae_spider_hilbert_3_sides_1_open,
          nicolae_spider_hilbert_6_sides_1_open,
          nicolae_spider_hilbert_6_sides_1_open,
          nicolae_spider_hilbert_3_sides_1_open,
          nicolae_spider_hilbert_3_sides_1_open,
          nicolae_spider_hilbert_3_sides_1_open,
          nicolae_spider_hilbert_3_sides_1_open,
          nicolae_spider_hilbert_2_sides_1_open], uniq_mlioglotl
Spider:4: johnstein_spider_rune_arachne_lair,
          nicolae_spider_some_kinda_spiderbox, uniq_agnes
Slime:1:  layout_caves
Slime:2:  nicolae_slime_jelly_donut, layout_caves, basic_altar, uniq_dissolution
Slime:3:  layout_caves
Slime:4:  layout_caves, amcnicky_altar_lugonu_corruption
Slime:5
Orc:1:    layout_caves, portal_ice_cave_entry_imps
Orc:2:    st_orc_elflike, layout_diamond_mine, uniq_nessos
Elf:1:    eino_elf_arrival_customs, layout_onion_city, minmay_elf_sorcery
Elf:2:    nicolae_elf_blades_crystal_corner, layout_gridlike, basic_altar,
          uniq_zenata
Elf:3:    minmay_elf_hall_x, layout_geoelf_castle, gammafunk_ghost_cemetery,
          infiniplex_enter_wizlab_water, serial_shops, shop,
          elves_outpost_lemuel, uniq_saint_roka, uniq_mara
Vaults:1: vaults_room_corners, hangedman_vaults_restitches,
          nicolae_vaults_diagonal_hallway_8, nicolae_vaults_six-pack, v_misc_15,
          nicolae_vaults_spaceships, vaults_room_door_hall,
          nicolae_vaults_diamond_1, hangedman_vaults_slice,
          nicolae_vaults_diamond_2, layout_vaults_omnicross
Vaults:2: nicolae_vaults_minivaults, vaults_room_fancy_cross,
          ontoclasm_vaults_gateway, vaults_room_stairs_pillars,
          grunt_vaults_hallway_long, v_misc_5, hangedman_vaults_maws,
          minmay_crypt_entry_simple_walls, v_misc_17, nicolae_vaults_prndl,
          nicolae_vaults_little_squares_1, v_misc_11,
          nicolae_vaults_more_shelving_1, nicolae_vaults_wine_cellar,
          vaults_room_corners, nicolae_vaults_offset_grid_hallway_1,
          nicolae_vaults_lightning_bolt, layout_vaults_maze_bifur, serial_shops,
          nicolae_shop_tiny_real_fake_doors
Vaults:3: nicolae_vaults_antechamber_and_loot_room, vaults_room_hallway,
          nicolae_vaults_shrinking_rooms_2, v_misc_11,
          nicolae_vaults_tetromino_L_1, nicolae_vaults_little_squares_3,
          layout_vaults_omnigrid, serial_shops, shop, uniq_xtahua
Vaults:4: gammafunk_ghost_necromancy, vaults_mumra_hex,
          nicolae_vaults_sesquioval_fish, vaults_room_stairs_pillars,
          v_pattern_3, vaults_dpeg_diagonal, nicolae_vaults_enemy_cabinets,
          v_misc_15, serial_ice_b, nicolae_vaults_storage_room_statues,
          vaults_room_door_ring, nicolae_vaults_sightless_eye,
          nicolae_vaults_three_branches, layout_vaults_big_room
Vaults:5: uniq_sojobo
Crypt:1:  layout_misc_corridors
Crypt:2:  layout_basic, weyrava_ghost_lake, uniq_frederick
Crypt:3:  lightli_unholy_cathedral, layout_chaotic_city,
          tomb_entry_shell_bobbens, nicolae_crypt_ancient_font
Depths:1: layout_gridlike, abyss_entry_crystal, hell_entry, elyvilon_altar_1,
          makhleb_altar_promises_db, hangedman_decor_cross_pass
Depths:2: evilmike_halls_of_destruction, layout_basic, lightli_too_deep,
          grunt_pan_entry_zigzag, dk_noncrumbling_4, due_unseen_surprise,
          serial_bayou_shore_b, firewood_loft
Depths:3: mu_elephants_graveyard, layout_gridlike, enter_ziggurat_f,
          xom_redecorated, nicolae_abyss_entry_one_way_or_another, hell_entry,
          rand_demon_pan_entry_1
Depths:4: evilmike_zot_entry_gauntlet, layout_gridlike, hell_entry,
          enter_trove_0, nicolae_water_bricks, minmay_shop_grove, uniq_josephina
Zot:1:    regret_index_qazlal_generations, layout_basic, grunt_ministairs_8,
          st_large_dragon_hoard_2, uniq_grunn
Zot:2:    infiniplex_zot_generator, layout_onion,
          hangedman_elemental_grid_stream, grunt_megastairs_3
Zot:3:    layout_misc_corridors, grunt_megastairs_2
Zot:4:    layout_onion
Zot:5:    layout_cathedral_of_symmetry, lemuel_flame_loot_1

Skill      XL: |  1  2  3  4  5  6  7  8  9 10 11 12 13 14 15 16 17 18 19 20 21 22 23 24 25 26 27 |
---------------+----------------------------------------------------------------------------------+-----
Fighting       | 4 5 7 10 11 12 14 16 17 19 20 22 24 26 27 | 27.0
Armour         | 3 4 5 7 9 10 12 14 15 16 17 18 20 22 25 27 | 27.0
Maces & Flails | 4 5 6 7 9 10 11 13 15 16 18 | 18.3
Shields        | 1 2 4 6 7 9 10 11 12 14 15 16 17 18 23 25 27 | 27.0
Throwing       | 2 8 12 16 18 | 18.3
Evocations     | 2 5 9 11 14 17 19 20 21 23 24 | 24.3
Dodging        | 5 12 16 | 16.5
Polearms       | 2 11 12 | 12.0

Action                     |  1- 3 |  4- 6 |  7- 9 | 10-12 | 13-15 | 16-18 | 19-21 | 22-24 | 25-27 || total
---------------------------+-------+-------+-------+-------+-------+-------+-------+-------+-------++-------
  Melee: Mace              |   165 |       |       |       |       |       |       |       |       ||   165
         Headbutt          |    50 |     8 |    28 |    76 |   230 |   320 |   448 |   673 |   536 ||  2369
         Punch             |     3 |     1 |       |       |       |       |       |       |       ||     4
         Eveningstar       |    31 |   109 |   173 |   453 |   988 |  1034 |   535 |  1081 |   903 ||  5307
         Flail             |       |     2 |    14 |       |       |       |       |       |       ||    16
         Morningstar       |       |       |       |       |       |   138 |  1077 |   908 |   762 ||  2885
  Throw: Stone             |     1 |     7 |       |       |       |       |       |       |       ||     8
         Boomerang         |       |     8 |    41 |    19 |    29 |    82 |    61 |    97 |   178 ||   515
         Dart              |       |       |     1 |    84 |    34 |       |       |       |       ||   119
         Throwing net      |       |       |       |     2 |       |       |     1 |     3 |       ||     6
         Javelin           |       |       |       |       |     5 |    35 |    44 |    63 |    48 ||   195
 Invoke: Trog's Hand       |       |     3 |     1 |     1 |     5 |     4 |    16 |     6 |     6 ||    42
         Berserk           |       |     1 |     4 |     1 |     2 |     1 |       |       |       ||     9
         Brothers in Arms  |       |       |       |     1 |     7 |     8 |     9 |     7 |     6 ||    38
  Evoke: Wand              |       |       |       |    15 |    12 |    19 |     9 |     4 |    31 ||    90
         Phantom mirror    |       |       |       |       |     2 |     1 |     1 |     2 |     2 ||     8
         Condenser vane    |       |       |       |       |     1 |     1 |       |     1 |     3 ||     6
         Box of beasts     |       |       |       |       |       |     1 |     1 |     3 |     2 ||     7
         Phial of floods   |       |       |       |       |       |       |     2 |       |       ||     2
    Use: Scroll            |     6 |    10 |    10 |     9 |    12 |    19 |    14 |    12 |    23 ||   115
         Potion            |       |       |       |     2 |     7 |     5 |    12 |    19 |    33 ||    78
   Stab: Sleeping          |     2 |       |       |       |       |       |       |       |       ||     2
         Paralysed         |       |       |       |     2 |     1 |    12 |     1 |       |       ||    16
         Distracted        |       |       |       |       |       |     1 |       |     1 |     1 ||     3
         Confused          |       |       |       |       |       |     1 |       |       |       ||     1
         Invisible         |       |       |       |       |       |       |     2 |       |       ||     2
         Held in net/web   |       |       |       |       |       |       |       |     1 |       ||     1
         Petrified         |       |       |       |       |       |       |       |       |     3 ||     3
 Armour: Animal skin       |     7 |       |       |       |       |       |       |       |       ||     7
         Leather armour    |    24 |    23 |       |       |       |       |       |       |       ||    47
         Scale mail        |       |     2 |    44 |    25 |       |       |       |       |       ||    71
         Chain mail        |       |       |       |    32 |       |       |       |       |       ||    32
         Plate armour      |       |       |       |    66 |   350 |   590 |   539 |   652 |   381 ||  2578
         Skin              |       |       |       |       |       |       |       |    63 |    50 ||   113
  Dodge: Dodged            |    87 |    63 |    58 |    92 |   178 |   330 |   268 |   505 |   355 ||  1936
  Block: Kite shield       |       |       |    64 |   229 |   603 |   963 |   857 |   969 |       ||  3685
         Reflection        |       |       |       |     2 |    19 |    19 |    81 |    13 |    32 ||   166
         Tower shield      |       |       |       |       |       |       |       |   492 |  1479 ||  1971
